 Dungeon Crawl Stone Soup version 0.24-a0-48-g0ecae65 (webtiles) character file.

Game seed: 9915453543563082959

718 Mgcat the Chopper (level 7, -16/67 HPs)
             Began as a Deep Dwarf Fighter on Feb 3, 2019.
             Demolished by an ogre
             ... wielding a +0 giant club
              (27 damage)
             ... on level 5 of the Dungeon.
             The game lasted 00:11:28 (4476 turns).

Mgcat the Chopper (Deep Dwarf Fighter)              Turns: 4476, Time: 00:11:28

Health: -16/67     AC:  9    Str: 21    XL:     7   Next: 42%
Magic:  6/6        EV:  7    Int:  9    God:
Gold:   215        SH: 13    Dex: 12    Spells: 6/6 levels left

rFire    . . .     SeeInvis .   a - +0 war axe
rCold    + . .     Gourm    .   c - +0 shield
rNeg     . . .     Faith    .   p - +0 scale mail
rPois    .         Spirit   .   (no helmet)
rElec    .         Reflect  +   (no cloak)
rCorr    .         Harm     .   i - +1 pair of gloves
MR       +....                  (no boots)
Stlth    ..........             n - +3 amulet of reflection
HPRegen  0.00/turn              t - ring of attention (curse)
MPRegen  0.10/turn              s - ring of protection from cold {rC+, !d}

@: non-regenerating
A: damage resistance, heal wounds, sense surroundings 1, no regeneration
a: Heal Wounds


You were on level 5 of the Dungeon.
You were not hungry.

You visited 1 branch of the dungeon, and saw 5 of its levels.

You collected 215 gold pieces.

Inventory:

Hand Weapons
 a - a +0 war axe (weapon)
 b - a +0 hunting sling
   (You found it on level 3 of the Dungeon)
Missiles
 g - a throwing net {=f, !d}
 q - 160 stones (quivered)
Armour
 c - a +0 shield (worn)
 i - a +1 pair of gloves (worn)
   (You found it on level 1 of the Dungeon)
 p - a +0 scale mail (worn)
Jewellery
 j - an uncursed ring of positive energy {rN+}
   (You found it on level 1 of the Dungeon)
 n - a +3 amulet of reflection (around neck)
   (You found it on level 4 of the Dungeon)
 o - an uncursed ring of resist corrosion
   (You found it on level 1 of the Dungeon)
 s - a ring of protection from cold (right hand) {rC+, !d}
   (You found it on level 4 of the Dungeon)
 t - a cursed ring of attention (left hand)
   (You found it on level 4 of the Dungeon)
Scrolls
 e - a scroll of identify
 h - a scroll of teleportation
 m - a scroll of immolation {!r}
Potions
 d - a potion of might
 k - a potion of curing
 l - 2 potions of brilliance
Comestibles
 f - 13 rations


   Skills:
 - Level 5.0 Fighting
 + Level 5.6 Axes
 - Level 5.0 Armour
 - Level 5.0 Shields


You had 6 spell levels left.
You didn't know any spells.
Your spell library was empty.

Dungeon Overview and Level Annotations

Branches:
Dungeon (5/15)
 Temple: D:4-7

Altars:
Fedhas
Kikubaaqudgha
Wu Jian

Annotations:
D:5 1 exclusion, Grinder


Innate Abilities, Weirdness & Mutations

You are resistant to damage.
You can heal yourself by infusing magical energy.
You passively map a small area around you.
You do not regenerate.


Message History

Unknown command.
Unknown command.
Unknown command.
Grinder is too close now for your liking.
Spoiler Alert: Grinder (wandering) can cast Paralyse and Pain!
Unknown command.
Lua error: [string "/dgldir/rcfiles/crawl-git/Mgcat.rc"]:926: invalid capture index Unknown command.
Lua error: [string "/dgldir/rcfiles/crawl-git/Mgcat.rc"]:926: invalid capture index Unknown command.
Lua error: [string "/dgldir/rcfiles/crawl-git/Mgcat.rc"]:926: invalid capture index
b - a +0 hunting sling (weapon)
Grinder shouts!
Spoiler Alert: Grinder can cast Paralyse and Pain!
You are too injured to fight recklessly!
Firing (i - inventory)
q - 163 stones (quivered)
Press: ? - help, Shift-Dir - straight line, f - Grinder
Aim: Grinder You shoot a stone.
The stone barely misses Grinder.
Grinder blinks!
There is a stone staircase leading up, spattered with blood here.
You climb upwards.
There is a stone staircase leading down here.
There is a stone staircase leading down here.
You climb downwards.
Level annotation: 1 exclusion, Grinder
There is a stone staircase leading up here.
f - 14 rations (gained 1)
You open the door.
There is an open door here.
A hound zombie comes into view.
You are too injured to fight recklessly!
Firing (i - inventory)
q - 162 stones (quivered)
Press: ? - help, Shift-Dir - straight line, f - hound zombie
Aim: a hound zombie You shoot a stone.
The stone hits the hound zombie.
The hound zombie is lightly damaged.
Firing (i - inventory)
q - 161 stones (quivered)
Press: ? - help, Shift-Dir - straight line, f/p - hound zombie
Aim: a hound zombie (lightly damaged)
You shoot a stone. The stone hits the hound zombie.
The hound zombie is moderately damaged.
a - a +0 war axe (weapon)
You slash the hound zombie!
The hound zombie is almost destroyed.
The hound zombie bites you. x2
You take 2 damage, and have 30/67 hp.
Your scale mail prevents you from hitting the hound zombie.
The hound zombie is almost destroyed.
You block the hound zombie's attack.
You slash the hound zombie!
You destroy the hound zombie!
b - a +0 hunting sling (weapon)
q - 161 stones (gained 1)
q - 162 stones (gained 1)
You are starving!
You need to eat something NOW!
You eat one of the 14 rations.
That ration really hit the spot!
You open the door.
An ogre comes into view. It is wielding a +0 giant club.
The ogre shouts!
Spoiler Alert: The ogre can hit for high damage in melee!
Firing (i - inventory)
q - 162 stones (quivered)
Press: ? - help, Shift-Dir - straight line, f - ogre
Aim: an ogre, wielding a +0 giant club You shoot a stone.
The stone closely misses the ogre.
Firing (i - inventory)
q - 161 stones (quivered)
Press: ? - help, Shift-Dir - straight line, f/p - ogre
Aim: an ogre, wielding a +0 giant club You shoot a stone.
The stone hits the ogre.
The ogre is lightly wounded.
Spoiler Alert: The ogre can hit for high damage in melee!
a - a +0 war axe (weapon)
You slash the ogre!
The ogre is moderately wounded.
The ogre closely misses you.
You slash the ogre!
The ogre is almost dead.
The ogre hits you with a +0 giant club.
You take 2 damage, and have 28/67 hp.
Spoiler Alert: The ogre can hit for high damage in melee!
Your shield and scale mail prevent you from hitting the ogre.
The ogre is almost dead.
You block the ogre's attack.
You barely miss the ogre.
The ogre is almost dead.
You block the ogre's attack.
Spoiler Alert: The ogre can hit for high damage in melee!
You barely miss the ogre.
The ogre is almost dead.
The ogre hits you with a +0 giant club!!
* * * LOW HITPOINT WARNING * * *
You take 17 damage, and have 11/67 hp.
MASSIVE DAMAGE!!
You barely miss the ogre.
The ogre is almost dead.
You block the ogre's attack.
Spoiler Alert: The ogre can hit for high damage in melee!
Your scale mail prevents you from hitting the ogre.
The ogre is almost dead.
The ogre hits you with a +0 giant club!!
You die...

.......#..#.# #....+, ,
...#'#.#....# #....###.#
####.#.##...#######....'.O.#
#.#.##.........#....# *
#.#.....#####.##....#
#.#####....##.##...O# * ,
#.# ####.##.#####.# * #.#
#.##.#####.# #.#
#.##@O(...(# #.#
#.########## #.# #.# #.# #.#
#.# #.# #.# #.# #.########.#
#..........# ##########.#


You could see an ogre.

Vanquished Creatures
  Eustachio (D:4)
  Duvessa (D:4)
  Dowan (D:4)
  2 scorpions (D:4)
  2 hounds
  Jessica (D:2)
  2 worker ants
  A hound zombie (D:5)
  5 adders
  2 gnolls (D:5)
  2 oozes
  An adder skeleton (D:4)
  8 worms
  A dart slug (D:2)
  2 leopard geckos
  5 orcs
  A giant cockroach (D:4)
  6 goblins
  11 hobgoblins
  8 jackals
  5 kobolds
  2 quokkas (D:3)
  7 bats
  2 frilled lizards (D:2)
  6 rats
85 creatures vanquished.

Notes
Turn   | Place    | Note
-------+----------+-------------------------------------------
     0 | D:1      | Mgcat the Deep Dwarf Fighter began the quest for the Orb.
     0 | D:1      | Reached XP level 1. HP: 20/20 MP: 1/1
    80 | D:1      | Reached XP level 2. HP: 21/27 MP: 2/2
   492 | D:2      | Reached skill level 3 in Fighting
   492 | D:2      | Reached XP level 3. HP: 27/34 MP: 3/3
   684 | D:2      | Reached skill level 3 in Axes
   734 | D:2      | Noticed Jessica
   738 | D:2      | Killed Jessica
   738 | D:2      | Reached skill level 4 in Armour
   738 | D:2      | Reached XP level 4. HP: 36/42 MP: 4/4
   752 | D:2      | Reached skill level 4 in Shields
   762 | D:2      | Found an ancient bone altar of Kikubaaqudgha.
  1861 | D:3      | Found an ornate altar of the Wu Jian Council.
  1892 | D:3      | Reached XP level 5. HP: 35/49 MP: 5/5
  3008 | D:4      | Noticed Eustachio
  3081 | D:4      | Killed Eustachio
  3081 | D:4      | Reached skill level 4 in Axes
  3081 | D:4      | Reached XP level 6. HP: 21/57 MP: 6/6
  3359 | D:4      | Reached skill level 4 in Fighting
  3447 | D:4      | Found a blossoming altar of Fedhas.
  3493 | D:4      | Reached skill level 5 in Armour
  3493 | D:4      | Reached skill level 5 in Shields
  3557 | D:4      | Found a blossoming altar of Fedhas.
  3820 | D:4      | Noticed Duvessa
  3820 | D:4      | Noticed Dowan
  3842 | D:4      | Killed Dowan
  3842 | D:4      | Reached XP level 7. HP: 32/66 MP: 6/6
  3842 | D:4      | Killed Duvessa
  3842 | D:4      | Reached skill level 5 in Axes
  4173 | D:5      | Entered Level 5 of the Dungeon
  4210 | D:5      | Noticed Grinder
  4305 | D:5      | Reached skill level 5 in Fighting
  4474 | D:5      | HP: 11/67 [ogre/+0 giant club (17)]
  4476 | D:5      | Demolished by an ogre

Vault maps used:
D:1:      lightli_molten_gateway, grunt_decor_arrowhead
D:2:      kiku_gazebo_pond_becter, kennysheep_generic_room_7, uniq_jessica
D:3:      lemuel_crystal_altar, first_ration
D:4:      overflow_temple_1_default, fedhas_altar_fruit_tree, uniq_duvessa,
          uniq_eustachio
D:5:      uniq_grinder

Skill      XL: |  1  2  3  4  5  6  7 |
---------------+----------------------+-----
Fighting       | 3 4 5 |  5.0
Axes           | 3 4 5 |  5.6
Armour         | 4 5 |  5.0
Shields        | 4 5 |  5.0

Action                   |  1- 3 |  4- 6 |  7- 9 || total
-------------------------+-------+-------+-------++-------
Melee: War axe           |   115 |   234 |    29 ||   378
 Fire: Hunting sling     |       |    21 |     5 ||    26
 Abil: Heal Wounds       |     1 |     3 |     1 ||     5
  Use: Scroll            |       |     8 |     4 ||    12
       Potion            |       |     1 |       ||     1
  Eat: Chunk             |       |    10 |       ||    10
       Ration            |       |       |     1 ||     1
Armor: Scale mail        |    50 |   114 |     8 ||   172
Dodge: Dodged            |    30 |    76 |     5 ||   111
Block: Shield            |    56 |   153 |    22 ||   231

Table legend:
 A = Non-vault XP
 B = Vault XP
 C = Vault XP percentage of total XP
 D = Non-vault monster count
 E = Vault monster count
 F = Vault count percentage of total count
                 A         B        C        D         E       F
            +---------+---------+-------+---------+---------+-------
      Total |     564 |     462 |  45.0 |      79 |       6 |   7.1
            +---------+---------+-------+---------+---------+-------
        D:1 |      29 |       0 |   0.0 |      16 |       0 |   0.0
        D:2 |      86 |      43 |  33.3 |      26 |       3 |  10.3
        D:3 |      65 |       0 |   0.0 |      19 |       0 |   0.0
        D:4 |     264 |     419 |  61.3 |      13 |       3 |  18.8
        D:5 |     120 |       0 |   0.0 |       5 |       0 |   0.0
            +---------+---------+-------+---------+---------+-------

Vault maps used:
D:1:      lightli_molten_gateway, grunt_decor_arrowhead
D:2:      kiku_gazebo_pond_becter, kennysheep_generic_room_7, uniq_jessica
D:3:      lemuel_crystal_altar, first_ration
D:4:      overflow_temple_1_default, fedhas_altar_fruit_tree, uniq_duvessa,
          uniq_eustachio
D:5:      uniq_grinder

Table legend:
 A = Turns spent in this place as a percentage of turns spent in the entire game.
 B = Non-inter-level travel turns spent in this place as a percentage of non-inter-level travel turns spent in the entire game.
 C = Inter-level travel turns spent in this place as a percentage of turns spent in this place.
 D = Turns resting spent in this place as a percentage of non-inter-level travel turns spent in this place.
 E = Turns spent auto-exploring this place as a percentage of non-inter-level travel turns spent in this place.
 F = Non-inter-level travel turns spent in this place divided by the number of levels of this place that you've seen.
                   A       B       C       D       E      F
               +-------+-------+-------+-------+-------+----------------------
         Total | 100.0 | 100.0 |  12.4 |  15.5 |  63.8 | 784.2
       Dungeon | 100.0 | 100.0 |  12.4 |  15.5 |  63.8 | 784.2
               +-------+-------+-------+-------+-------+----------------------

Table legend:
 A = Kills in this place as a percentage of kills in entire the game.
 B = Kills by you in this place as a percentage of kills by you in the entire game.
 C = Kills by friends in this place as a percentage of kills by friends in the entire game.
 D = Other kills in this place as a percentage of other kills in the entire game.
 E = Experience gained in this place as a percentage of experience gained in the entire game.
 F = Experience gained in this place divided by the number of levels of this place that you have seen.
                   A       B       C       D       E      F
               +-------+-------+-------+-------+-------+----------------------
         Total | 100.0 | 100.0 |   N/A |   N/A | 100.0 | 205.2
       Dungeon | 100.0 | 100.0 |   N/A |   N/A | 100.0 | 205.2
               +-------+-------+-------+-------+-------+----------------------
